 Dungeon Crawl Stone Soup version 0.20-a0-507-gc86f373 (webtiles) character file.

380870 polly the Slayer (level 21, -3/213 HPs)
             Began as a Minotaur Berserker on Jan 22, 2017.
             Was the Champion of Trog.
             Slain by Xelif's ghost (19 damage)
             ... on level 5 of the Pits of Slime.
             The game lasted 02:43:08 (40281 turns).

polly the Slayer (Minotaur Berserker)              Turns: 40281, Time: 02:43:08

Health: -3/213     AC: 20    Str: 28      XL:     21   Next: 89%
Magic:  21/21      EV: 15    Int:  0 (1)  God:    Trog [******]
Gold:   3413       SH: 30    Dex: 22      Spells: 21/21 levels left

rFire    . . .     SeeInvis +   d - +9 broad axe of Accidental Termination {flame, +Inv rElec Str+4 Dex+6}
rCold    . . .     Gourm    .   Z - +0 plate armour
rNeg     . . .     Faith    .   x - +2 large shield
rPois    .         Spirit   .   (helmet restricted)
rElec    +         Reflect  +   A - +2 cloak {MR+}
rCorr    +         Harm     .   T - +1 pair of gloves
MR       +++..     Rnd*Tele +   y - +0 pair of boots {Fly}
Stlth    ..........             s - +3 amulet of reflection
Regen    0.5/turn               l - ring of resist corrosion
                                a - ring of Relativism {MR+ Str+2 Int-3 SInv}

@: flying, slowed, lost intelligence, very slow
A: retaliatory headbutt, beak, horns 2, deformed body, deterioration 1,
teleportitis 1, weak 2
}: 2/15 runes: serpentine, barnacled
a: Berserk, Trog's Hand, Brothers in Arms, Burn Spellbooks, Renounce Religion,
Evoke Invisibility, Stop Flying


You were on level 5 of the Pits of Slime.
You worshipped Trog.
Trog was exalted by your worship.
You were very hungry.

You visited 7 branches of the dungeon, and saw 39 of its levels.
You also visited: Sewer, Ossuary, Bailey and Volcano.

You collected 4221 gold pieces.
You spent 808 gold pieces at shops.

Inventory:

Hand Weapons
 d - the +9 broad axe of Accidental Termination (weapon) {flame, +Inv rElec Str+4 Dex+6}
   (Trog gifted it to you on level 10 of the Dungeon)

   It has been specially enchanted to burn those struck by it, causing extra
   injury to most foes and up to half again as much damage against particularly
   susceptible opponents.
   Big, fiery blades are also staple armaments of hydra-hunters.
   It affects your strength (+4).
   It affects your dexterity (+6).
   It insulates you from electricity.
   It lets you turn invisible.
 z - the +8 broad axe "Kicrur" {vamp, -Tele +Inv rPois rC-, unknown}
   (Trog gifted it to you on level 4 of the Snake Pit)

   It inflicts no extra harm, but heals its wielder when it wounds a living foe.
   It makes you vulnerable to cold.
   It protects you from poison.
   It lets you turn invisible.
   It prevents most forms of teleportation.
Missiles
 j - 4 javelins of returning
 G - 2 tomahawks of returning (quivered)
Armour
 x - a +2 large shield (worn)
 y - a +0 pair of boots of flying (worn)
 A - a +2 cloak of magic resistance (worn)
 T - a +1 pair of gloves (worn)
 Z - a +0 plate armour (worn)
Jewellery
 a - the ring of Relativism (left hand) {MR+ Str+2 Int-3 SInv}
   (You found it on level 2 of the Snake Pit)

   [ring of protection from magic]

   It affects your strength (+2).
   It affects your intelligence (-3).
   It affects your resistance to hostile enchantments.
   It lets you see invisible.
 l - a ring of resist corrosion (right hand)
 n - an uncursed ring of protection from cold
 s - a +3 amulet of reflection (around neck)
 D - an uncursed amulet of regeneration
 S - the ring "Akock" {rF+ rN+ Int+4 Slay+2}
   (You took it off a deep elf demonologist on level 3 of the Elven Halls)

   [ring of positive energy]

   It affects your intelligence (+4).
   It affects your accuracy and damage with ranged weapons and melee attacks
   (+2).
   It protects you from fire.
   It protects you from negative energy.
 Y - an uncursed ring of positive energy
Wands
 q - a wand of digging (1/24)
Scrolls
 e - 2 scrolls of blinking
 f - 5 scrolls of enchant weapon
 g - 7 scrolls of recharging
 k - 14 scrolls of remove curse
 p - 17 scrolls of teleportation
 t - a scroll of fog
 w - 3 scrolls of fear
 E - 6 scrolls of identify
 H - 3 scrolls of holy word
 J - 2 scrolls of enchant armour
 L - 3 scrolls of immolation
 Q - a scroll of silence
 U - 2 scrolls of summoning
 V - 3 scrolls of magic mapping
Potions
 b - a potion of heal wounds
 i - 7 potions of agility
 r - 4 potions of might
 u - 3 potions of ambrosia
 v - 9 potions of curing
 B - a potion of invisibility
 F - a potion of cure mutation
 I - 4 potions of haste
 M - 2 potions of resistance
 O - 4 potions of cancellation
 X - a potion of beneficial mutation
Miscellaneous
 o - a phial of floods
 K - a fan of gales
 P - a lamp of fire
 R - a lamp of fire
Comestibles
 c - 13 bread rations
 h - 18 royal jellies
 m - 19 meat rations
 N - 22 fruits


   Skills:
 * Level 23.6 Fighting
 + Level 23.1 Axes
 - Level 1.4 Throwing
 + Level 16.6 Armour
 + Level 10.3 Dodging
 - Level 0.6 Stealth
 + Level 20.2 Shields
 - Level 1.3 Unarmed Combat
 - Level 0.6 Spellcasting
 + Level 2.5 Evocations


You had 21 spell levels left.
You didn't know any spells.

Dungeon Overview and Level Annotations

Branches:
Dungeon (15/15)            Temple (0/1) D:4            Lair (6/6) D:9
 Shoals (4/4) Lair:4        Snake (4/4) Lair:2        Slime (5/5) Lair:5
    Orc (2/2) D:10            Elf (3/3) Orc:2        Vaults (0/5) D:13
 Depths (0/5) D:15

Altars:
Cheibriados
Elyvilon
Hepliaklqana
Sif Muna
Vehumet
Jiyva

Shops:
D:12 *   D:15 *   Orc:2 ?%!:   Elf:2 =}}(   Elf:3 :   Shoals:4 (

Portals:
Trove: D:13 (give +2 gold dragon scales)

Annotations:
Slime:5 Xelif's ghost, veteran DsSk


Innate Abilities, Weirdness & Mutations

You reflexively headbutt those who attack you in melee.
You have a pair of horns on your head.
You have a beak for a mouth.
Armour fits poorly on your strangely shaped body.
Your body sometimes deteriorates upon taking damage.
You are occasionally teleported next to monsters.
You are very weak. (Str -4)


Message History

* * * LOW HITPOINT WARNING * * *
Xelif's ghost whispers, "Trust me.
Just give in."
Xelif's ghost gestures at you while chanting.
The ball explodes into a vile cloud!
The stinking cloud engulfs you!
The stinking cloud engulfs Xelif's ghost.
Xelif's ghost appears unharmed.
Xelif's ghost gestures wildly while chanting.
Xelif's ghost blinks!
You are engulfed in noxious fumes.
* * * LOW HITPOINT WARNING * * *
Xelif's ghost says, "Are you willing to die fighting?
I was!"
Xelif's ghost gestures at you while chanting.
The ball explodes into a vile cloud!
The stinking cloud engulfs you!
You are engulfed in noxious fumes.
* * * LOW HITPOINT WARNING * * *
Xelif's ghost closely misses you. Xelif's ghost hits you!
* * * LOW HITPOINT WARNING * * *
You writhe in agony.
You die...

.................................
................................
..............§§...............
..............................
.............................
..........§.§...............
.........§§§...............
..........W..............
.........@..............
..........<........##..
##................## .
####............## ##....#.....##
#####....### #####


You could see Xelif's ghost.

Vanquished Creatures
  2 deep elf master archers (Elf:3)
  3 deep elf blademasters
  Asterion (Snake:3)
  Frances (D:12)
  Polyphemus (Shoals:2)
  A kraken (Shoals:4)
  12 acid blobs
  Ilsuiw (Shoals:4)
  3 azure jellies
  9 nagarajas
  Louise (Snake:1)
  5 deep elf sorcerers
  Aizul (Elf:2)
  3 deep elf elementalists (Elf:3)
  A very ugly thing (D:13)
  6 deep elf demonologists (Elf:3)
  The ghost of Midn8 the Devastator, a journeyman DsCj of Sif Muna (Snake:1)
  Nessos (Lair:6)
  The ghost of quellanthyde the Basher, a journeyman MiFi of Okawaru (Lair:6)
  The ghost of polly the Blocker, a journeyman GrFi of Okawaru (D:15)
  4 deep elf annihilators (Elf:3)
  5 dire elephants (Lair:6)
  A spark wasp (shapeshifter) (D:15)
  8 deep elf death magi
  6 merfolk javelineers
  5 death oozes
  A fire dragon (Volcano)
  13 merfolk impalers
  3 deep elf high priests (Elf:3)
  2 great orbs of eyes (Slime:5)
  A rakshasa (D:15)
  4 vault guards (D:13)
  2 merfolk avatars
  3 catoblepae
  5 hydras
  3 centaur warriors
  An ogre mage (D:15)
  11 naga warriors
  4 alligator snapping turtles
  20 anacondas
  12 two-headed ogres
  5 merfolk aquamancers
  A satyr (Shoals:4)
  2 tengu warriors (D:15)
  11 death yaks
  A hell hog (Volcano)
  23 dancing weapons
  4 orc high priests (Orc:2)
  11 naga sharpshooters
  6 shock serpents
  Nergalle (D:12)
  2 salamander mystics (Snake:4)
  24 deep elf knights
  16 sea snakes
  4 glowing orange brains
  2 unseen horrors
  5 skeletal warriors (D:15)
  7 deep elf archers
  An orange crystal statue (Elf:1)
  An orc knight (D:15)
  43 harpies
  7 naga ritualists
  A lindwurm (Orc:1)
  A wolf spider zombie (D:13)
  7 mana vipers
  5 orc sorcerers
  3 shining eyes
  The ghost of Zazen the Spear-Bearer, a novice DsAK of Lugonu (D:6)
  6 oklob plants
  2 ugly things
  7 fauns
  8 cyclopes
  10 elephants
  50 deep elf magi
  16 manticores
  38 black mambas
  11 salamanders
  9 merfolk sirens
  5 water nymphs
  A gargoyle (D:11)
  23 naga magi
  3 eyes of devastation
  15 guardian serpents
  A torpor snail (shapeshifter) (Elf:1)
  14 spiny frogs
  A centaur skeleton (D:15)
  8 komodo dragons
  A small abomination (Elf:3)
  A komodo dragon (shapeshifter) (D:15)
  3 yaktaurs (D:15)
  A rime drake (Lair:6)
  A freezing wraith (D:15)
  8 trolls
  2 kobold demonologists (D:11)
  A guardian mummy (D:13)
  A tengu conjurer (D:15)
  A polar bear (Lair:6)
  A queen bee (D:10)
  A polar bear (shapeshifter) (D:15)
  41 merfolk
  A hornet (D:13)
  55 slime creatures
  6 wind drakes
  14 hippogriffs
  10 blink frogs
  7 snapping turtles
  11 dream sheep
  4 air elementals
  8 water elementals
  3 wraiths
  A wyvern (Lair:4)
  A tarantella (shapeshifter) (D:15)
  A yak (shapeshifter) (D:15)
  52 yaks
  4 basilisks
  3 fire elementals
  2 hogs (D:12)
  A human (D:12)
  A vampire (D:15)
  13 golden eyes
  A basilisk (shapeshifter) (D:13)
  2 vampire mosquitoes (D:14)
  5 steam dragons
  42 nagas
  3 wargs
  8 water moccasins
  4 floating eyes
  5 hell hounds
  8 porcupines
  3 sky beasts
  A black bear (shapeshifter) (D:15)
  A black bear (D:13)
  18 orc warriors
  5 eyes of draining
  7 ice beasts
  3 necrophages
  3 phantoms
  10 wolves
  5 boggarts (D:14)
  8 ogres
  11 centaurs
  A big kobold (D:11)
  9 crocodiles
  15 bullfrogs
  9 gnoll sergeants
  5 earth elementals
  3 wyvern zombies
  A water moccasin zombie (D:9)
  5 scorpions
  26 killer bees (D:10)
  6 wights
  11 electric eels
  8 crimson imps
  2 centaur zombies
  A quasit (D:8)
  5 bullfrog zombies
  11 hounds
  5 jellies
  19 orc priests
  6 gnoll shamans (Bailey)
  35 orc wizards
  Natasha (twice) (D:3)
  17 worker ants
  A killer bee zombie (Ossuary)
  A hound zombie (Ossuary)
  3 hound skeletons
  13 mummies (Ossuary)
  6 worker ant zombies
  A howler monkey zombie (Ossuary)
  Robin (D:3)
  22 gnolls
  19 adders
  A river rat (D:6)
  A shadow imp (D:12)
  19 oozes
  2 adder zombies (Ossuary)
  3 adder skeletons
  2 worms (D:6)
  A dart slug (D:2)
  13 leopard geckos
  45 orcs
  11 ball pythons
  23 giant cockroaches
  13 goblins
  19 hobgoblins
  18 jackals
  12 kobolds
  4 quokkas
  11 bats
  19 frilled lizards
  A giant cockroach zombie (Ossuary)
  A leopard gecko zombie (Ossuary)
  A quokka skeleton (D:5)
  3 quokka zombies
  13 rats
  5 crawling corpses (Elf:3)
  4 fungi
  29 plants
  2 tentacles (Shoals:4)
1551 creatures vanquished.

Vanquished Creatures (collateral kills)
  A deep elf elementalist (Elf:3)
  A deep elf death mage (Elf:3)
  A small abomination (Elf:3)
  A naga (Snake:1)
4 creatures vanquished.

Vanquished Creatures (others)
  Vashnia (Snake:3)
  2 satyrs (Shoals:4)
  3 naga sharpshooters
  A sea snake (Shoals:4)
  4 deep elf archers
  A faun (Shoals:3)
  A cyclops (Orc:2)
  A water elemental (Elf:3)
  A centaur (Shoals:3)
  An orc (Orc:1)
  2 bats (Lair:2)
  2 bushes (D:15)
  3 fungi (Lair:6)
  6 plants
  5 tentacles (Shoals:4)
  2 withered plants (Ossuary)
36 creatures vanquished.

Grand Total: 1591 creatures vanquished

Notes
Turn   | Place    | Note
-------+----------+-------------------------------------------
     0 | D:1      | polly the Minotaur Berserker began the quest for the Orb.
     0 | D:1      | Reached XP level 1. HP: 19/19 MP: 0/0
   156 | D:1      | Reached XP level 2. HP: 24/27 MP: 1/1
   606 | D:2      | Reached ** piety under Trog
   632 | D:2      | Reached XP level 3. HP: 14/33 MP: 2/2
  1426 | D:2      | Reached XP level 4. HP: 41/41 MP: 3/3
  1444 | D:2      | Reached skill level 5 in Axes
  1683 | D:3      | Noticed Robin
  1696 | D:3      | Killed Robin
  1804 | D:3      | Noticed Natasha
  1808 | D:3      | Killed Natasha
  1808 | D:3      | Reached XP level 5. HP: 32/47 MP: 4/4
  1818 | D:3      | Noticed Natasha
  1828 | D:3      | Killed Natasha
  2066 | D:3      | Found a faded altar of an unknown god.
  2088 | D:3      | Reached *** piety under Trog
  2088 | D:3      | Reached skill level 5 in Fighting
  2367 | D:3      | Reached XP level 6. HP: 56/56 MP: 5/5
  3044 | D:4      | Found a staircase to the Ecumenical Temple.
  3224 | D:4      | Reached XP level 7. HP: 38/61 MP: 6/6
  3812 | D:5      | Entered Level 5 of the Dungeon
  4572 | D:6      | Reached **** piety under Trog
  4815 | D:6      | Found a hazy altar of Hepliaklqana.
  4820 | D:6      | Reached XP level 8. HP: 51/70 MP: 7/7
  4847 | D:6      | Found a deep blue altar of Sif Muna.
  4867 | D:6      | Reached skill level 5 in Armour
  4868 | D:6      | Reached skill level 10 in Axes
  4995 | D:6      | Noticed Zazen's ghost (novice DsAK)
  5008 | D:6      | Killed Zazen's ghost
  5114 | D:6      | Found a glowing drain.
  5120 | Sewer    | Entered a sewer
  5198 | Sewer    | Reached ***** piety under Trog
  5274 | Sewer    | Received a gift from Trog
  5293 | Sewer    | Received a gift from Trog
  5515 | D:6      | Reached XP level 9. HP: 72/79 MP: 8/8
  5865 | D:7      | Found a sand-covered staircase.
  5872 | Ossuary  | Entered an ossuary
  6370 | D:7      | Received a gift from Trog
  7524 | D:8      | Reached XP level 10. HP: 87/90 MP: 9/9
  7576 | D:8      | Noticed a two-headed ogre
  7583 | D:8      | Killed a two-headed ogre
  8411 | D:9      | Found a staircase to the Lair.
  8884 | D:10     | Entered Level 10 of the Dungeon
  8941 | D:10     | Found a staircase to the Orcish Mines.
  9020 | D:10     | Reached ****** piety under Trog
  9029 | D:10     | Reached skill level 15 in Axes
  9061 | D:10     | Received a gift from Trog
  9069 | D:10     | Got an encrusted broad axe {god gift}
  9386 | D:10     | Identified the +9 broad axe of Accidental Termination {flame, +Inv rElec Str+4 Dex+6} (Trog gifted it to you on level 10 of the Dungeon)
  9444 | D:10     | Noticed a two-headed ogre
  9446 | D:10     | Noticed a two-headed ogre
  9455 | D:10     | Killed a two-headed ogre
  9455 | D:10     | Reached XP level 11. HP: 49/99 MP: 10/10
  9457 | D:10     | Killed a two-headed ogre
  9457 | D:10     | Reached skill level 10 in Fighting
  9457 | D:10     | Reached skill level 1 in Shields
  9897 | D:11     | Found a flagged portal.
  9910 | Bailey   | Entered a bailey
 10516 | D:11     | Noticed a two-headed ogre
 10520 | D:11     | Killed a two-headed ogre
 10520 | D:11     | Received a gift from Trog
 10733 | D:11     | Reached skill level 5 in Shields
 10905 | D:11     | Noticed a red ugly thing
 10915 | D:11     | Killed a red ugly thing
 11133 | D:12     | Noticed Frances
 11140 | D:12     | Noticed a sixfirhy
 11146 | D:12     | Noticed a two-headed ogre
 11146 | D:12     | Killed Frances
 11146 | D:12     | Reached XP level 12. HP: 111/111 MP: 11/11
 11152 | D:12     | Killed a two-headed ogre
 11205 | D:12     | Found Jifax's Assorted Antiques.
 11213 | D:12     | Bought a runed cloak for 294 gold pieces
 11213 | D:12     | Bought a scroll labeled XOMYIG RUMAXT for 28 gold pieces
 11402 | D:12     | Noticed Nergalle
 11406 | D:12     | Killed Nergalle
 11420 | D:12     | Noticed a two-headed ogre
 11427 | D:12     | Killed a two-headed ogre
 11819 | D:13     | Noticed a white very ugly thing
 11829 | D:13     | HP: 3/113 [white very ugly thing (51)]
 11832 | D:13     | Killed a white very ugly thing
 12202 | D:13     | Found a portal to a secret trove of treasure.
 12550 | D:13     | Reached skill level 10 in Armour
 12657 | D:13     | Found a gate to the Vaults.
 12657 | D:13     | Noticed a vault guard
 12657 | D:13     | Noticed a vault guard
 12657 | D:13     | Noticed a vault guard
 12657 | D:13     | Noticed a vault guard
 12657 | D:13     | Noticed a centaur warrior
 12677 | D:13     | Killed a centaur warrior
 12682 | D:13     | Killed a vault guard
 12690 | D:13     | Killed a vault guard
 12699 | D:13     | Killed a vault guard
 12699 | D:13     | Reached XP level 13. HP: 98/120 MP: 12/12
 12710 | D:13     | Received a gift from Trog
 13036 | D:14     | Found Susaova's Distillery.
 13621 | D:15     | Entered Level 15 of the Dungeon
 13622 | D:15     | Found Galleth's Assorted Antiques.
 13627 | D:15     | Bought a potion of heal wounds for 150 gold pieces
 13627 | D:15     | Bought a small brass amulet for 150 gold pieces
 13697 | D:15     | Reached skill level 5 in Dodging
 13860 | D:15     | Noticed polly's ghost (journeyman GrFi)
 13889 | D:15     | Killed polly's ghost
 14200 | D:15     | Found a viscous altar of Jiyva.
 14578 | D:15     | Received a gift from Trog
 14629 | D:15     | Reached XP level 14. HP: 133/133 MP: 13/13
 14876 | D:15     | Reached skill level 15 in Fighting
 14934 | D:15     | Found a staircase to the Depths.
 15142 | Lair:1   | Entered Level 1 of the Lair of Beasts
 15234 | Lair:1   | Reached skill level 10 in Shields
 16261 | Lair:2   | Received a gift from Trog
 16384 | Lair:2   | Found a staircase to the Snake Pit.
 17281 | Lair:4   | Found a staircase to the Shoals.
 18175 | Lair:5   | Reached XP level 15. HP: 121/144 MP: 14/14
 18245 | Lair:5   | Found a staircase to the Slime Pits.
 18345 | Lair:5   | Received a gift from Trog
 18889 | Lair:6   | Entered Level 6 of the Lair of Beasts
 19033 | Lair:6   | Noticed quellanthyde's ghost (journeyman MiFi)
 19046 | Lair:6   | Killed quellanthyde's ghost
 19288 | Lair:6   | Noticed Nessos
 19302 | Lair:6   | Killed Nessos
 20497 | Orc:1    | Entered Level 1 of the Orcish Mines
 20830 | Orc:1    | Found a dark tunnel.
 20839 | Volcano  | Entered a volcano
 21372 | Orc:2    | Entered Level 2 of the Orcish Mines
 21621 | Orc:2    | Found Awunkop's Distillery.
 21621 | Orc:2    | Found Zuhe's Book Boutique.
 21622 | Orc:2    | Found Soafabirph's Food Shop.
 21625 | Orc:2    | Found Moacups's Magic Scroll Shop.
 21891 | Orc:2    | Bought a scroll of enchant weapon for 90 gold pieces
 21893 | Orc:2    | Bought a potion of curing for 36 gold pieces
 21893 | Orc:2    | Bought a potion of heal wounds for 60 gold pieces
 21940 | Orc:2    | Found a staircase to the Elven Halls.
 22366 | Elf:1    | Entered Level 1 of the Elven Halls
 22505 | Elf:1    | Received a gift from Trog
 22557 | Elf:1    | Reached XP level 16. HP: 147/155 MP: 15/15
 22690 | Elf:1    | Gained mutation: Your magical capacity is low. (-10% MP) [a neqoxec]
 22839 | Elf:1    | Identified Sif Muna's Reference Book on Enhancements
 23323 | Elf:1    | Identified the Reference Book on Creative Confrontation
 23565 | Elf:2    | Reached skill level 1 in Evocations
 23953 | Elf:2    | Found Ixti's Weapon Emporium.
 23987 | Elf:2    | Reached skill level 10 in Dodging
 23993 | Elf:2    | Received a gift from Trog
 24428 | Elf:2    | Found a huge runed gate.
 24428 | Elf:2    | Found a huge runed gate.
 24428 | Elf:2    | Found a huge runed gate.
 24433 | Elf:2    | Found a huge runed gate.
 24435 | Elf:2    | Found a huge runed gate.
 24536 | Elf:2    | Noticed Aizul
 24545 | Elf:2    | Killed Aizul
 24660 | Elf:2    | Noticed a deep elf blademaster
 24668 | Elf:2    | Killed a deep elf blademaster
 25111 | Elf:2    | Reached XP level 17. HP: 155/166 MP: 14/14
 25763 | Elf:2    | Found Edigyet's Jewellery Shoppe.
 25763 | Elf:2    | Found Noillaf's Gadget Shop.
 25764 | Elf:2    | Found Pecaq's Gadget Shop.
 25876 | Elf:2    | Received a gift from Trog
 25971 | Elf:3    | Entered Level 3 of the Elven Halls
 26102 | Elf:3    | Found Vulampeeqe's One-of-a-Kind Books.
 26358 | Elf:3    | Found a radiant altar of Vehumet.
 26907 | Elf:3    | Noticed a deep elf master archer
 26917 | Elf:3    | Noticed a deep elf blademaster
 26925 | Elf:3    | Noticed a deep elf master archer
 26926 | Elf:3    | Killed a deep elf master archer
 26939 | Elf:3    | Killed a deep elf blademaster
 26943 | Elf:3    | Killed a deep elf master archer
 26974 | Elf:3    | HP: 1/168 [deep elf death mage/bolt of negative energy (25)]
 27436 | Elf:3    | Got a pitted copper ring
 27459 | Elf:3    | Received a gift from Trog
 27463 | Elf:3    | Got a jewelled war axe {god gift}
 27464 | Elf:3    | Identified the +1 war axe of Evisceration {venom, rElec} (Trog gifted it to you on level 3 of the Elven Halls)
 27470 | Elf:3    | Got a faintly glowing iron ring
 27493 | Elf:3    | Noticed a deep elf blademaster
 27499 | Elf:3    | Noticed a Hell Sentinel
 27503 | Elf:3    | Killed a deep elf blademaster
 27506 | Elf:3    | Reached skill level 15 in Armour
 27517 | Elf:3    | Reached skill level 15 in Shields
 27628 | Elf:3    | Identified the ring of Juomus {Int+4 Dex+3 Stlth-} (You took it off a deep elf annihilator on level 3 of the Elven Halls)
 27630 | Elf:3    | Identified the ring "Akock" {rF+ rN+ Int+4 Slay+2} (You took it off a deep elf demonologist on level 3 of the Elven Halls)
 27633 | Elf:3    | Got an ancient glass ring
 27636 | Elf:3    | Identified the ring of Midwinter {MR+ SInv} (You took it off a deep elf elementalist on level 3 of the Elven Halls)
 27685 | Elf:3    | Identified the Reference Book on the Enchanting Traveller
 28286 | Shoals:1 | Entered Level 1 of the Shoals
 28398 | Shoals:1 | Reached XP level 18. HP: 154/178 MP: 16/16
 29153 | Shoals:2 | Noticed Polyphemus
 29170 | Shoals:2 | Received a gift from Trog
 29186 | Shoals:2 | Killed Polyphemus
 30503 | Shoals:3 | Received a gift from Trog
 30997 | Shoals:4 | Entered Level 4 of the Shoals
 31015 | Shoals:4 | Got a brightly glowing robe
 31026 | Shoals:4 | Identified the +0 robe of the Distant Future {Dex+5} (You found it on level 4 of the Shoals)
 31058 | Shoals:4 | Noticed Ilsuiw
 31074 | Shoals:4 | Killed Ilsuiw
 31553 | Shoals:4 | Found Doto's Weapon Boutique.
 31983 | Shoals:4 | Received a gift from Trog
 31983 | Shoals:4 | Reached XP level 19. HP: 156/189 MP: 17/17
 32516 | Shoals:4 | Got a barnacled rune of Zot
 33611 | Snake:1  | Entered Level 1 of the Snake Pit
 33617 | Snake:1  | Reached skill level 1 in Throwing
 33617 | Snake:1  | Reached skill level 1 in Unarmed Combat
 33617 | Snake:1  | Reached XP level 20. HP: 198/198 MP: 18/18
 33618 | Snake:1  | Noticed Louise
 33621 | Snake:1  | Noticed Midn8's ghost (journeyman DsCj)
 33631 | Snake:1  | Killed Louise
 33638 | Snake:1  | Killed Midn8's ghost
 34032 | Snake:1  | Received a gift from Trog
 34753 | Snake:2  | Found a snail-covered altar of Cheibriados.
 35308 | Snake:2  | Got a translucent steel ring
 35450 | Snake:2  | Identified the ring of Relativism {MR+ Str+2 Int-3 SInv} (You found it on level 2 of the Snake Pit)
 35490 | Snake:3  | Found a white marble altar of Elyvilon.
 35526 | Snake:3  | Noticed Vashnia
 35538 | Snake:3  | Killed Vashnia
 35701 | Snake:3  | Received a gift from Trog
 35918 | Snake:3  | Noticed Asterion
 35938 | Snake:3  | Killed Asterion
 36207 | Snake:4  | Entered Level 4 of the Snake Pit
 36682 | Snake:4  | Received a gift from Trog
 36969 | Snake:4  | Reached XP level 21. HP: 208/209 MP: 19/19
 37216 | Snake:4  | Received a gift from Trog
 37242 | Snake:4  | HP: 6/209 [naga sharpshooter/arrow (14)]
 37722 | Snake:4  | Got a dazzling broad axe {god gift}
 37810 | Snake:4  | Got a serpentine rune of Zot
 38780 | Slime:1  | Entered Level 1 of the Pits of Slime
 39203 | Slime:2  | Gained mutation: You are weak. (Str -2) [a shining eye]
 39214 | Slime:3  | Received a gift from Trog
 39233 | Slime:3  | Gained mutation: You are very weak. (Str -4) [a shining eye]
 39238 | Slime:3  | Gained mutation: You are occasionally teleported next to monsters. [a shining eye]
 39240 | Slime:3  | Gained mutation: Your body sometimes deteriorates upon taking damage. [a shining eye]
 39250 | Slime:3  | Gained mutation: You have a beak for a mouth. [a shining eye]
 39259 | Slime:4  | Gained mutation: Your body often deteriorates upon taking damage. [a shining eye]
 39672 | Slime:5  | Entered Level 5 of the Pits of Slime
 39676 | Slime:5  | Paralysed by a floating eye for 2 turns
 39742 | Slime:4  | Found a viscous altar of Jiyva.
 39969 | Slime:5  | Gained mutation: You tend to lose your temper in combat. [a shining eye]
 39970 | Slime:5  | Gained mutation: Armour fits poorly on your strangely shaped body. [a shining eye]
 39974 | Slime:5  | Gained mutation: You are frail. (-10% HP) [a shining eye]
 39995 | Slime:5  | Received a gift from Trog
 40144 | Slime:5  | Lost intelligence.
 40189 | Slime:5  | Lost mutation: Your magical capacity is low. (-10% MP) [potion of cure mutation]
 40189 | Slime:5  | Lost mutation: You tend to lose your temper in combat. [potion of cure mutation]
 40189 | Slime:5  | Lost mutation: Your body often deteriorates upon taking damage. [potion of cure mutation]
 40189 | Slime:5  | Lost mutation: You are frail. (-10% HP) [potion of cure mutation]
 40241 | Slime:5  | Noticed Xelif's ghost (veteran DsSk)
 40249 | Slime:5  | Paralysed by a floating eye for 3 turns
 40281 | Slime:5  | Slain by Xelif's ghost

Vault maps used:
D:1:      dpeg_arrival_tiny_a
D:3:      chequers_ecumenical_altar_simple_redux, first_bread,
          kennysheep_generic_room_2, uniq_robin, uniq_natasha
D:6:      kennysheep_orc_sif_temple, old_standard_altar, portal_sewer_entry_e
D:7:      lightli_ossuary_entry_decrepit_ruins
D:8:      kennysheep_dice
D:9:      minmay_lair_entry_lava
D:10:     orc_0_dummy
D:11:     enter_bailey_2, nooodl_food_tri
D:12:     serial_shops, shop, grunt_livestock, minmay_liquid_box, uniq_frances,
          uniq_nergalle
D:13:     lightli_vaults_fourway_checkpoint, nicolae_trove_entry_path_of_doom,
          minmay_misc_feat_enclosed
D:14:     serial_bayou_shore_b, serial_shops, nicolae_shop_behind_doors
D:15:     gammafunk_enter_depths_forms, serial_shops, shop, serial_park_paths,
          jiyva_altar_1
Lair:1:   grunt_megastairs_1
Lair:2:   dummy_snake_entry, roderic_batcave, serial_bayou_pond_c,
          serial_bayou_lake_a, minmay_lair_oklob_chamber
Lair:3:   serial_bayou_shore_b, infiniplex_staircase_pool
Lair:4:   elwin_shoals_entry_stream, lemuel_fruit_tree
Lair:5:   minmay_slime_entry_pillars, grunt_megastairs_3, serial_bayou_shore_b
Lair:6:   due_jungle_book, dpeg_oklob_1, uniq_nessos
Shoals:2: uniq_polyphemus
Shoals:4: shoals_end_simple, shoals_ilsuiw_alternative, serial_shops,
          nicolae_shop_behind_doors, nicolae_shoals_isolated_beach
Snake:1:  serial_bayou_lagoon_a, st_stairs_6, spider_trap, serial_bayou_shore_a,
          uniq_louise
Snake:2:  basic_altar
Snake:3:  basic_altar, uniq_vashnia, uniq_asterion
Snake:4:  grunt_snake_rune_serpentine_throne, grunt_megastairs_4
Slime:1:  nicolae_slime_phagocytosis
Slime:4:  basic_altar
Orc:1:    nicolae_volcano_entry_vermiform
Orc:2:    st_orc_mages
Elf:1:    minmay_elf_sorcery, minmay_misc_feat_cross, minivault_15
Elf:2:    serial_shops, nicolae_shop_crystal, minmay_shop_grove, uniq_aizul
Elf:3:    elf_hall, basic_altar, nicolae_rare_books, basic_stair_grate_trap
Sewer:    sewer_frog_island_02
Ossuary:  ossuary_zaba_flooded
Bailey:   bailey_polearm_gnolls_kennysheep, bailey
Volcano:  volcano_pools

Skill      XL: |  1  2  3  4  5  6  7  8  9 10 11 12 13 14 15 16 17 18 19 20 21 |
---------------+----------------------------------------------------------------+-----
Axes           | 4 5 6 7 9 11 13 15 16 17 18 19 20 21 22 23 | 23.1
Fighting       | 4 5 6 7 8 9 11 13 14 16 17 18 19 21 22 23 | 23.6
Armour         | 3 4 5 6 7 9 10 11 12 13 14 15 16 | 16.6
Dodging        | 3 4 5 7 9 10 | 10.3
Shields        | 5 7 9 10 12 13 15 17 18 20 | 20.2
Evocations     | 1 2 |  2.5
Throwing       | 1 |  1.4
Unarmed Combat | 1 |  1.3
Stealth        | |  0.6
Spellcasting   | |  0.6

Action                   |  1- 3 |  4- 6 |  7- 9 | 10-12 | 13-15 | 16-18 | 19-21 || total
-------------------------+-------+-------+-------+-------+-------+-------+-------++-------
Melee: Hand axe          |    86 |   125 |       |       |       |       |       ||   211
       Headbutt          |    13 |    24 |    76 |    97 |   242 |   253 |   262 ||   967
       War axe           |       |    17 |    98 |       |       |       |       ||   115
       Battleaxe         |       |       |   273 |       |       |       |       ||   273
       Executioner's axe |       |       |    53 |   131 |       |    11 |       ||   195
       Broad axe         |       |       |       |   280 |   822 |   860 |   769 ||  2731
       Peck              |       |       |       |       |       |       |    51 ||    51
Throw: Tomahawk          |       |       |       |       |     6 |     2 |     1 ||     9
       Javelin           |       |       |       |       |       |       |     1 ||     1
Invok: Berserk           |       |     1 |       |     3 |     2 |       |       ||     6
       Burn Spellbooks   |       |       |     2 |       |     1 |       |       ||     3
       Trog's Hand       |       |       |     1 |       |       |       |       ||     1
       Brothers in Arms  |       |       |       |       |       |     1 |       ||     1
 Abil: Evoke Flight      |       |       |       |       |     1 |     2 |       ||     3
Evoke: Wand              |       |       |     1 |       |       |     9 |     2 ||    12
       Lamp of fire      |       |       |       |       |       |     1 |     1 ||     2
       Fan of gales      |       |       |       |       |       |     1 |       ||     1
       Phantom mirror    |       |       |       |       |       |     1 |       ||     1
       Box of beasts     |       |       |       |       |       |       |     2 ||     2
  Use: Potion            |     2 |       |       |     4 |     2 |     5 |    16 ||    29
       Scroll            |       |       |     3 |    17 |    13 |    11 |     6 ||    50
 Stab: Petrified         |       |       |       |       |       |     8 |       ||     8
       Petrifying        |       |       |       |       |       |     2 |       ||     2
  Eat: Chunk             |     1 |     7 |    13 |    16 |    24 |    22 |    11 ||    94
       Fruit             |       |     1 |     1 |     2 |     3 |       |     8 ||    15
       Royal jelly       |       |       |       |     1 |     3 |     5 |     4 ||    13
Armor: Animal skin       |     6 |       |       |       |       |       |       ||     6
       Scale mail        |    20 |    49 |       |       |       |       |       ||    69
       Chain mail        |       |     4 |   176 |    67 |       |       |       ||   247
       Plate armour      |       |       |       |    66 |   154 |   183 |   182 ||   585
Dodge: Dodged            |    59 |    79 |   329 |   179 |   149 |   204 |   202 ||  1201
Block: Other             |       |       |    18 |    15 |       |     1 |       ||    34
       Reflection        |       |       |     2 |    12 |    43 |   126 |   146 ||   329
       Large shield      |       |       |       |   251 |   679 |   978 |  1020 ||  2928
